 Dungeon Crawl Stone Soup version 0.28.0-53-g5a82cb258f (webtiles) character file.

Game seed: 6298952389942202565

454 LustLizard the Firebug (level 7, 0/38 HPs)
             Began as a Tengu Fire Elementalist on Aug 4, 2022.
             Succumbed to a water moccasin's poison
             ... on level 4 of the Dungeon.
             The game lasted 00:12:00 (4904 turns).

LustLizard the Firebug (Tengu Fire Elementalist)    Turns: 4904, Time: 00:12:00

Health: 0/38       AC:  3    Str:  8    XL:     7   Next: 5%
Magic:  21/21      EV: 14    Int: 18    God:
Gold:   83         SH:  5    Dex: 14    Spells: 3/11 levels left

rFire   . . .      SeeInvis .   u - +0 dagger (speed)
rCold   . . .      Faith    .   (no shield)
rNeg    . . .      Spirit   .   a - +0 robe
rPois   .          Reflect  +   (helmet restricted)
rElec   .          Harm     .   f - +0 cloak
rCorr   .          Rampage  .   (no gloves)
Will    .....                   (boots unavailable)
Stlth   +++.......              t - amulet of reflection
HPRegen 0.12/turn               w - ring of magical power
MPRegen 0.17/turn               (no ring)

@: lethally poisoned (0 -> -7), flying quickly and evasively, quick
A: beak, talons 3, nimble flight
a: no special abilities


You were on level 4 of the Dungeon.
You visited 1 branch of the dungeon, and saw 5 of its levels.

You collected 83 gold pieces.

Inventory:

Hand Weapons
 b - a +0 dagger
 q - a +0 hand axe
 r - a +1 hand axe of flaming
 u - a +0 dagger of speed (weapon)
Armour
 a - a +0 robe (worn)
 f - a +0 cloak (worn)
Jewellery
 n - an amulet of faith
 t - an amulet of reflection (around neck)
 w - a ring of magical power (left hand)
Scrolls
 d - 2 scrolls of holy word {unknown}
 h - 3 scrolls of teleportation {unknown}
 i - a scroll of magic mapping {unknown}
 m - a scroll of summoning {unknown}
 o - a scroll of brand weapon {unknown}
 s - 2 scrolls of identify {unknown}
Potions
 c - a potion of berserk rage {unknown}
 e - a potion of ambrosia {unknown}
 g - 2 potions of lignification {unknown}
 j - 2 potions of resistance {unknown}
 k - 3 potions of mutation {unknown}
 l - a potion of cancellation {unknown}
 p - 2 potions of haste {unknown}
 v - 2 potions of curing {unknown}


   Skills:
 + Level 1.4 Fighting
 - Level 2.1 Dodging
 - Level 4.0 Stealth
 + Level 2.8 Spellcasting
 * Level 4.1 Conjurations
 - Level 1.8 Hexes
 * Level 5.1 Fire Magic


You had 3 spell levels left.
You knew the following spells:

 Your Spells              Type           Power      Damage    Failure   Level
a - Foxfire               Conj/Fire      76%        2x1d7     2%          1
b - Inner Flame           Hex/Fire       15%        N/A       12%         3
c - Flame Wave            Conj/Fire      19%        2d6       24%         4

Your spell library contained the following spells:

 Spells                   Type           Power      Damage    Failure   Level
 Scorch                   Fire           42%        2d7       3%          2
 Shock                    Conj/Air       40%        1d5       7%          1
 Conjure Flame            Conj/Fire      19%        6-21      8%          3
 Sublimation of Blood     Necr           2%         N/A       26%         2
 Wereblood                Tmut           2%         N/A       26%         2
 Swiftness                Air            2%         N/A       45%         3
 Cause Fear               Hex            4%         N/A       58%         4
 Airstrike                Air            1%         N/A       86%         4
 Summon Hydra             Summ           1%         N/A       100%        7
 Discord                  Hex            4%         N/A       100%        8


Dungeon Overview and Level Annotations

Branches:
Dungeon (5/15)
 Temple: D:4-7

Altars:

Shops:
D:3 :


Innate Abilities, Weirdness & Mutations

You have a beak for a mouth.
You have claws for feet.
Your magical nature lets you fly swiftly and evasively.


Message History

HP restored.
Okay, then.
This spell is quite dangerous to cast!
Memorise Flame Wave, consuming 4 spell levels and leaving 3?
You start memorising the spell.
You continue memorising. x4
You finish memorising.
Spell assigned to 'c'.
Casting: Foxfire (safe; 2% risk of failure)
Confirm with . or Enter, or press ? or * to list all spells.
Okay, then.
Done exploring.
Unknown command.
You fly downwards.
The water moccasin bites you! The water moccasin bites you.
You are poisoned.
The water moccasin poisons you!
There is a stone staircase leading up, spattered with blood here.
You feel very sick. The water moccasin misses you.
You fly upwards.
You feel very sick.
There is a stone staircase leading down, spattered with blood here.
You feel sick. The water moccasin barely misses you.
You feel sick.
You feel sick.
You feel sick.
You feel sick. The water moccasin misses you.
You feel sick.
You feel sick.
You feel sick.
You are no longer poisoned.
The water moccasin barely misses you. You block the water moccasin's attack.
The water moccasin bites you.
* * * LOW HITPOINT WARNING * * *
You are lethally poisoned!
The water moccasin poisons you!
* * * LOW HITPOINT WARNING * * *
You feel very sick.
* * * LOW HITPOINT WARNING * * *
You feel sick.
You die...

##.###..................###.#
##.#.#####.##.#.##.#######
#.# #.#........##.#.##.# #.#
##...########.#.##.##### #.#
##.## #.#.##.....# #.# #.#
#.#.###.##.# #.# #.#
#S#.##.#.#.# #.# ######>#####
#.#.#.###..# #.# ...........#
#@#..## ##.## #.#
.#####.###.## #...## ##.# #.#
.# #......# ###..## ##.## #.#
.# #####..# #.#.###..#####.#
.# #..# #.##.#.........# .#
#####..# #.###.##.####### .#
#......# #.# ####.#
.#####.###..# #.# #.#
............######.#### #.#


You could see a water moccasin.

Vanquished Creatures
  A bullfrog (D:4)
  2 hounds (D:4)
  5 orc priests
  A bullfrog skeleton (D:5)
  An orc wizard (D:3)
  4 adders
  A howler monkey skeleton (D:4)
  An adder skeleton (D:4)
  A worm (D:2)
  2 dart slugs
  14 orcs
  4 endoplasms
  4 giant cockroaches
  2 goblins
  2 hobgoblins (D:3)
  4 jackals (D:5)
  8 kobolds
  2 quokkas
  6 ball pythons
  7 bats
  3 frilled lizards
  3 rats
78 creatures vanquished.

Vanquished Creatures (others)
  208 foxfires
208 creatures vanquished.

Grand Total: 286 creatures vanquished

Notes
Turn   | Place    | Note
-------+----------+-------------------------------------------
     0 | D:1      | LustLizard the Tengu Fire Elementalist began the quest for
                  | the Orb.
     0 | D:1      | Reached XP level 1. HP: 10/10 MP: 4/4
   264 | D:1      | Reached XP level 2. HP: 15/15 MP: 4/6
   417 | D:1      | Found a faded altar of an unknown god.
  1083 | D:1      | Reached XP level 3. HP: 20/20 MP: 4/7
  1752 | D:3      | Learned a level 3 spell: Inner Flame
  1870 | D:3      | HP: 1/20 [orc priest/divine providence (12)]
  1882 | D:3      | HP: 1/20 [kobold/stone (1)]
  1886 | D:3      | Reached skill level 4 in Fire Magic
  2308 | D:3      | Reached XP level 4. HP: 3/24 MP: 2/8
  2588 | D:3      | Reached skill level 1 in Fighting
  2588 | D:3      | Gained mutation: Your magical nature lets you fly swiftly
                  | and evasively. [Tengu growth]
  2588 | D:3      | Reached XP level 5. HP: 21/29 MP: 6/9
  2988 | D:3      | Found Ytemp's Book Emporium.
  3123 | D:3      | Reached skill level 1 in Hexes
  3380 | D:4      | Reached XP level 6. HP: 34/34 MP: 5/10
  4427 | D:5      | Entered Level 5 of the Dungeon
  4500 | D:4      | Reached skill level 5 in Fire Magic
  4683 | D:5      | Noticed a black bear
  4684 | D:5      | Noticed a sky beast
  4713 | D:5      | Noticed a water moccasin
  4726 | D:4      | Reached XP level 7. HP: 20/38 MP: 12/12
  4881 | D:4      | Learned a level 4 spell: Flame Wave
  4904 | D:4      | Succumbed to a water moccasin's poison

Illustrated notes

Levels and vault maps discovered:
D:1:      lightli_arrival_statue_moat, layout_basic,
          shapermc_ecumenical_altar_mp_highgroup
D:2:      layout_rooms, guppyfry_early_lair_pool
D:3:      layout_loops_ring, serial_shops, shop, minmay_ruptured
D:4:      layout_loops_ring
D:5:      cheibrodos_helix_gallery, layout_loops_cross, hex_large, uniq_sigmund

Skill      XL: |  1  2  3  4  5  6 |
---------------+-------------------+-----
Conjurations   | 2 3 4 |  4.1
Fire Magic     | 4 5 |  5.1
Fighting       | 1 |  1.4
Stealth        | 3 4 |  4.0
Hexes          | 1 |  1.8
Dodging        | |  2.1
Spellcasting   | |  2.8

Action                   |  1- 3 |  4- 6 |  7- 9 || total
-------------------------+-------+-------+-------++-------
Melee: Dagger            |    28 |    31 |       ||    59
       Peck              |     2 |    12 |       ||    14
       Kick              |     5 |    14 |       ||    19
       Punch             |     1 |     1 |       ||     2
       Hand axe          |       |     3 |       ||     3
 Cast: Foxfire           |    60 |    67 |       ||   127
 Stab: Sleeping          |     1 |       |       ||     1
Armor: Robe              |    12 |     4 |       ||    16
Dodge: Dodged            |    25 |    21 |     4 ||    50
Block: Other             |       |     6 |     1 ||     7
